 Dungeon Crawl Stone Soup version 0.21-a0-401-g0b6bec4 (webtiles) character file.

117 Moloch the Conjurer (level 4, -2/30 HPs)
             Began as a Demonspawn Wizard on Oct 23, 2017.
             Slain by Moloch's ghost (3 damage)
             ... on level 3 of the Dungeon.
             The game lasted 00:06:56 (2464 turns).

Moloch the Conjurer (Demonspawn Wizard)             Turns: 2464, Time: 00:06:57

Health: -2/30      AC:  2    Str:  8    XL:     4   Next: 71%
Magic:  1/8        EV: 12    Int: 20    God:
Gold:   101        SH:  0    Dex: 11    Spells: 4/9 levels left

rFire    . . .     SeeInvis .   n - +0 dagger
rCold    . . .     Gourm    .   (no shield)
rNeg     . . .     Faith    .   a - +0 robe
rPois    .         Spirit   .   b - +0 hat
rElec    .         Reflect  .   (no cloak)
rCorr    .         Harm     .   (no gloves)
MR       +....                  (no boots)
Stlth    +.........             j - amulet of regeneration
HPRegen  0.50/turn              t - ring of protection from magic
MPRegen  0.11/turn              (no ring)

@: very slightly contaminated
A: hooves 1
a: no special abilities


You were on level 3 of the Dungeon.
You were not hungry.

You visited 1 branch of the dungeon, and saw 3 of its levels.

You collected 101 gold pieces.

Inventory:

Hand Weapons
 n - a +0 dagger (weapon)
 u - a +0 blowgun
Armour
 a - a +0 robe (worn)
 b - a +0 hat (worn)
Jewellery
 g - an uncursed ring of ice
 j - an amulet of regeneration (around neck)
 t - a ring of protection from magic (left hand)
Scrolls
 h - 2 scrolls of remove curse {unknown}
 m - 5 scrolls of identify {unknown}
 p - a scroll of blinking {unknown}
 q - a scroll of enchant weapon {unknown}
 r - 2 scrolls of teleportation {unknown}
 s - a scroll of fog {unknown}
 x - a scroll of amnesia {unknown}
Potions
 e - 4 potions of curing {unknown}
 f - a potion of might {unknown}
 i - a potion of agility {unknown}
 k - a potion of lignification {unknown}
 l - a potion of berserk rage {unknown}
 v - a potion of ambrosia {unknown}
Books
 c - a book of Minor Magic

   Spells                             Type                      Level
   a - Magic Dart                     Conjuration                  1
   b - Blink                          Translocation                2
   c - Call Imp                       Summoning                    2
   d - Slow                           Hexes                        2
   e - Conjure Flame                  Conjuration/Fire             3
   f - Mephitic Cloud                 Conjuration/Poison/Air       3
Comestibles
 d - 3 bread rations
 o - a royal jelly


   Skills:
 - Level 1.7 Dodging
 - Level 1.7 Stealth
 - Level 3.0 Spellcasting
 + Level 4.6 Conjurations
 - Level 1.0 Summonings
 - Level 0.8 Translocations


You had 4 spell levels left.
You knew the following spells:

 Your Spells              Type           Power        Failure   Level  Hunger
a - Magic Dart            Conj           ###.         1%          1    None
b - Blink                 Tloc           N/A          16%         2    ##.....
c - Call Imp              Summ           #.......     14%         2    ##.....


Dungeon Overview and Level Annotations

Branches:
Dungeon (3/15)

Altars:
Elyvilon
Hepliaklqana
Nemelex Xobeh
Ru
Yredelemnul

Annotations:
D:3 Moloch's ghost, amateur DsWz; Sigmund


Innate Abilities, Weirdness & Mutations

You have large cloven feet.


Message History

r - Retreat! s - Stop attacking. g - Guard the area. f - Follow me.
Anything else - Cancel.
Gang up on whom?
Press: ? - help, Dir - move target cursor, f - Moloch's ghost
Aim: Moloch's ghost, wielding a weapon of chaos Attack!
Your crimson imp disappears in a puff of smoke!
Your crimson imp closely misses Moloch's ghost.
Moloch's ghost closely misses your crimson imp.
n - a +0 dagger (weapon)
Your crimson imp closely misses Moloch's ghost.
Moloch's ghost misses your crimson imp. Moloch's ghost hits your crimson imp!
Your crimson imp convulses!
Your crimson imp dies!
Your crimson imp barely misses Moloch's ghost.
Moloch's ghost hits you!
* * * LOW HITPOINT WARNING * * *
Moloch's ghost freezes you.
You die...

.......###....... #...#.#
.#.....#....#.... # ####.###.#
.#..##.#.?..#...###. #........#
....##.#........#.. ####.....#
###...รท#....# 5..# ###.#.#.#
####.#....###..##.####...#...#
######...........##..........#.#
.........######W..######.#.....#
...........# #5@..............#
...........## #....###.#.#######
)...........# #...>###.#.#
............# #.)####....#
............###..#.....###
_.#######...#....#.....### ..#
#...#.#..........# ..#
#...#...##.......# ..#
#...######.......#


You could see Moloch's ghost and 2 friendly crimson imps.

Vanquished Creatures
  4 adders
  An ooze (D:3)
  2 worms (D:2)
  A dart slug (D:2)
  4 leopard geckos
  An orc (D:3)
  3 giant cockroaches
  5 goblins
  7 hobgoblins
  3 jackals (D:3)
  8 kobolds
  A quokka (D:2)
  12 bats
  3 frilled lizards
  7 rats
62 creatures vanquished.

Vanquished Creatures (collateral kills)
  An orc (D:3)
1 creature vanquished.

Grand Total: 63 creatures vanquished

Notes
Turn   | Place    | Note
-------+----------+-------------------------------------------
     0 | D:1      | Moloch the Demonspawn Wizard began the quest for the Orb.
     0 | D:1      | Reached XP level 1. HP: 13/13 MP: 4/4
   228 | D:1      | Reached skill level 2 in Conjurations
   250 | D:1      | Gained mutation: You have large cloven feet. [demonic ancestry]
   250 | D:1      | Reached XP level 2. HP: 19/19 MP: 3/6
   732 | D:1      | Learned a level 2 spell: Blink
   735 | D:1      | Learned a level 2 spell: Call Imp
   814 | D:2      | Found a sacrificial altar of Ru.
   816 | D:2      | Reached skill level 3 in Conjurations
   829 | D:2      | Reached XP level 3. HP: 20/24 MP: 1/7
  1165 | D:2      | Found a hazy altar of Hepliaklqana.
  1426 | D:2      | Found a basalt altar of Yredelemnul.
  1476 | D:2      | Reached skill level 4 in Conjurations
  1476 | D:2      | Reached XP level 4. HP: 30/30 MP: 4/8
  1549 | D:2      | Found a white marble altar of Elyvilon.
  1662 | D:3      | Noticed Moloch's ghost (amateur DsWz)
  1831 | D:3      | Noticed Sigmund
  1882 | D:3      | Found a sparkling altar of Nemelex Xobeh.
  2464 | D:3      | HP: 1/30 [Moloch's ghost (7)]
  2464 | D:3      | Slain by Moloch's ghost

Vault maps used:
D:1:      eino_arrival_cavern_b
D:2:      kennysheep_ying_yang, lemuel_round_altar, hangedman_ru_absence
D:3:      overflow_temple_1_default, uniq_sigmund

Skill      XL: |  1  2  3 |
---------------+----------+-----
Conjurations   | 2 3 4 |  4.6
Dodging        | |  1.7
Stealth        | |  1.7
Spellcasting   | |  3.0
Summonings     | |  1.0
Translocations | |  0.8

Action                   |  1- 3 |  4- 6 || total
-------------------------+-------+-------++-------
Melee: Dagger            |    24 |    53 ||    77
       Kick              |     7 |     8 ||    15
 Fire: Blowgun           |       |     6 ||     6
 Cast: Magic Dart        |    94 |    53 ||   147
       Call Imp          |       |    11 ||    11
 Stab: Sleeping          |       |     1 ||     1
  Eat: Chunk             |     2 |     3 ||     5
Armor: Robe              |    24 |    18 ||    42
Dodge: Dodged            |    63 |    47 ||   110

Table legend:
 A = Spawn XP
 B = Non-spawn XP
 C = Spawn XP percentage of total XP
 D = Spawn monster count
 E = Non-spawn monster count
 F = Spawn count percentage of total count
 G = Total turns spent on level
                    A         B        C        D         E        F      G
               +---------+---------+-------+---------+---------+-------+---------
         Total |       0 |     168 |   0.0 |       0 |      63 |   0.0 |  2464
               +---------+---------+-------+---------+---------+-------+---------
           D:1 |       0 |      21 |   0.0 |       0 |      12 |   0.0 |   767
           D:2 |       0 |      91 |   0.0 |       0 |      29 |   0.0 |  1157
           D:3 |       0 |      56 |   0.0 |       0 |      22 |   0.0 |   540
               +---------+---------+-------+---------+---------+-------+---------
